SKY
MEMPHIS BLUES @ VANCOUVER CASCADES
06/30/2052
 
TOP OF THE 1ST
Memphis Blues batting - Pitching for Vancouver Cascades : RHP Jake Pasqualini
Pitching: RHP Jake Pasqualini
Batting: RHB Julien Straton 0-0: Ball
1-0: Hit by Pitch
Batting: LHB Caleb Oliver 0-0: Called Strike
0-1: SINGLE (Line Drive, 7LS, EV 93.8 MPH)
Julien Straton to second
Batting: RHB Yohan Roque 0-0: Ball
1-0: Foul Ball, location: 9LSF
1-1: Ball
2-1: Foul Ball, location: 25F
2-2: Ball
3-2: Foul Ball, location: 25F
3-2: Fly out, F9 (Flyball, 9D, EV 106.9 MPH)
Runner from 2nd tags up, SAFE at 3rd, no throw by RF
Batting: RHB Miles Hallam 0-0: Ball
1-0: Ball
2-0: Called Strike
2-1: Ball
3-1: Base on Balls
Caleb Oliver to second
Batting: LHB Alex Nicholson 0-0: Called Strike
0-1: Swinging Strike
0-2: Ball
1-2: Strikes out swinging
Batting: LHB Kent Dada 0-0: Foul Ball, location: 2LF
0-1: Ball
1-1: Foul Ball, location: 2F
1-2: Ball
2-2: Foul Ball, location: 2F
2-2: Foul Ball, location: 25F
2-2: Ground out 4-3 (Groundball, 4, EV 98.1 MPH)
Top of the 1st over - 0 runs, 1 hit, 0 errors, 3 left on base; Memphis 0 - Vancouver 0
BOTTOM OF THE 1ST
Vancouver Cascades batting - Pitching for Memphis Blues : RHP Logan Atwell
Pitching: RHP Logan Atwell
Batting: LHB Tony Patino 0-0: Ball
1-0: Ball
2-0: Called Strike
2-1: Swinging Strike
2-2: Ground out 6-3 (Groundball, 6, EV 83.1 MPH)
Batting: RHB Adam Young 0-0: Ball
1-0: Ground out 4-3 (Groundball, 4, EV 87.5 MPH)
Batting: LHB Lawrence Carla 0-0: Swinging Strike
0-1: SINGLE (Line Drive, 7S, EV 109.4 MPH)
Batting: LHB Tony Wichmann 0-0: Foul Ball, location: 3DF
0-1: Fly out, F9 (Line Drive, 89M, EV 96.9 MPH)
Bottom of the 1st over - 0 runs, 1 hit, 0 errors, 1 left on base; Memphis 0 - Vancouver 0
TOP OF THE 2ND
Memphis Blues batting - Pitching for Vancouver Cascades : RHP Jake Pasqualini
Batting: RHB Urso Cardona 0-0: Called Strike
0-1: Ball
1-1: Ball
2-1: Swinging Strike
2-2: Strikes out looking
Batting: RHB Amadeo Ybarra 0-0: Hit by Pitch
Batting: RHB Josh Benedict 0-0: Ball
Amadeo Ybarra steals 2nd base
1-0: Called Strike
1-1: Ball
2-1: Ball
3-1: Base on Balls
Batting: RHB Julien Straton 0-0: Ground out 4-3 (Groundball, 4MD, EV 68.8 MPH)
Amadeo Ybarra to third
Josh Benedict to second
Batting: LHB Caleb Oliver 0-0: Ball
1-0: Called Strike
1-1: Ball
2-1: Ball
3-1: Base on Balls
Batting: RHB Yohan Roque 0-0: Called Strike
0-1: Fielders Choice at 2nd, 6-4 (Groundball, 6, EV 103.8 MPH)
Top of the 2nd over - 0 runs, 0 hits, 0 errors, 3 left on base; Memphis 0 - Vancouver 0
BOTTOM OF THE 2ND
Vancouver Cascades batting - Pitching for Memphis Blues : RHP Logan Atwell
Batting: RHB Echo Warren 0-0: Ball
1-0: SOLO HOME RUN (Flyball, 9D, EV 93.8 MPH), Distance : 370 ft
Batting: SHB Beau Koss 0-0: Ball
1-0: Foul Ball, location: 2F
1-1: Ball
2-1: Called Strike
2-2: Strikes out swinging
Batting: RHB Jessie Cochran 0-0: Ball
1-0: SOLO HOME RUN (Flyball, 7D, EV 96.3 MPH), Distance : 369 ft
Batting: LHB Rey Esparza 0-0: Ball
1-0: Called Strike
1-1: Ball
2-1: Ground out 3-1 (Groundball, 13, EV 80.6 MPH)
Batting: SHB Asher Wurtz 0-0: Called Strike
0-1: Ball
1-1: Ball
2-1: Called Strike
2-2: Ball
3-2: Strikes out swinging
Bottom of the 2nd over - 2 runs, 2 hits, 0 errors, 0 left on base; Memphis 0 - Vancouver 2
TOP OF THE 3RD
Memphis Blues batting - Pitching for Vancouver Cascades : RHP Jake Pasqualini
Batting: RHB Miles Hallam 0-0: Called Strike
0-1: Ball
1-1: Foul Ball, location: 2F
1-2: Ball
2-2: Ball
3-2: Base on Balls
Batting: LHB Alex Nicholson 0-0: Swinging Strike
0-1: Grounds into double play, 4-6-3 (Groundball, 4, EV 105.6 MPH)
Batting: LHB Kent Dada 0-0: Ball
1-0: Ground out 4-3 (Groundball, 4, EV 91.9 MPH)
Top of the 3rd over - 0 runs, 0 hits, 0 errors, 0 left on base; Memphis 0 - Vancouver 2
BOTTOM OF THE 3RD
Vancouver Cascades batting - Pitching for Memphis Blues : RHP Logan Atwell
Batting: LHB Tony Patino 0-0: Called Strike
0-1: Ball
1-1: SINGLE (Groundball, 6MS, EV 71.9 MPH) (infield hit)
Batting: RHB Adam Young 0-0: Ball
1-0: Swinging Strike
1-1: Foul Ball, location: 5SF
1-2: Foul Ball, location: 25F
1-2: Ball
Tony Patino steals 2nd base
2-2: Ball
3-2: SINGLE (Line Drive, 78S, EV 103.1 MPH)
Tony Patino to third
Runner from 3rd tries for Home, SAFE, throw by CF to home
Batting: LHB Lawrence Carla 0-0: Ball
1-0: Ball
2-0: Ball
3-0: Called Strike
3-1: Called Strike
3-2: Foul Ball, location: 2F
3-2: Strikes out swinging
Batting: LHB Tony Wichmann 0-0: Called Strike
0-1: Ball
1-1: Foul Ball, location: 7LSF
1-2: Foul Ball, location: 7LMF
1-2: Ball
2-2: Strikes out swinging
Batting: RHB Echo Warren 0-0: Called Strike
0-1: Foul Ball, location: 2F
0-2: Ball
1-2: Ball
2-2: Ball
3-2: Ground out 6-3 (Groundball, 56, EV 103.1 MPH)
Bottom of the 3rd over - 1 run, 2 hits, 0 errors, 1 left on base; Memphis 0 - Vancouver 3
TOP OF THE 4TH
Memphis Blues batting - Pitching for Vancouver Cascades : RHP Jake Pasqualini
Batting: RHB Urso Cardona 0-0: Ball
1-0: Called Strike
1-1: Foul Ball, location: 5SF
1-2: Ball
2-2: Ball
3-2: Foul Ball, location: 2F
3-2: Base on Balls
Batting: RHB Amadeo Ybarra 0-0: SINGLE (Groundball, 6MD, EV 108.8 MPH)
Urso Cardona to second
Batting: RHB Josh Benedict 0-0: Called Strike
0-1: Fly out, F6 (Popup, 6M, EV 59.4 MPH)
Batting: RHB Julien Straton 0-0: Called Strike
0-1: Ball
1-1: Ball
2-1: Swinging Strike
2-2: Ball
3-2: Foul Ball, location: 9LDF
3-2: Strikes out swinging
Batting: LHB Caleb Oliver 0-0: Ball
1-0: Ball
2-0: Ball
3-0: Foul Ball, location: 5FF
3-1: Foul Ball, location: 25FF
3-2: Foul Ball, location: 2F
3-2: Ground out 5-3 (Groundball, 56S, EV 65.0 MPH)
Top of the 4th over - 0 runs, 1 hit, 0 errors, 2 left on base; Memphis 0 - Vancouver 3
BOTTOM OF THE 4TH
Vancouver Cascades batting - Pitching for Memphis Blues : RHP Logan Atwell
Batting: SHB Beau Koss 0-0: Hit by Pitch
Batting: RHB Jessie Cochran 0-0: Called Strike
0-1: SINGLE (Line Drive, 6D, EV 96.9 MPH)
Beau Koss to second
Batting: LHB Rey Esparza 0-0: Sac Bunt to 5S - play at first, batter OUT! 5-3
Beau Koss to third
Jessie Cochran to second
Batting: SHB Asher Wurtz 0-0: Ball
1-0: Ball
2-0: Ball
3-0: Called Strike
3-1: Fly out, F7 (Flyball, 78M, EV 93.1 MPH)
Runner from 3rd tags up, OUT at HOME! 7-2
Bottom of the 4th over - 0 runs, 1 hit, 0 errors, 1 left on base; Memphis 0 - Vancouver 3
TOP OF THE 5TH
Memphis Blues batting - Pitching for Vancouver Cascades : RHP Jake Pasqualini
Batting: RHB Yohan Roque 0-0: Foul Ball, location: 2F
0-1: Ball
1-1: Foul Ball, location: 25FF
1-2: Ball
2-2: Strikes out swinging
Batting: RHB Miles Hallam 0-0: Ball
1-0: Ball
2-0: Ball
3-0: Called Strike
3-1: Base on Balls
Batting: LHB Alex Nicholson 0-0: Called Strike
0-1: Foul Ball, location: 2F
Pickoff Throw to First - Out! 1-3
0-2: Strikes out swinging
Top of the 5th over - 0 runs, 0 hits, 0 errors, 0 left on base; Memphis 0 - Vancouver 3
BOTTOM OF THE 5TH
Vancouver Cascades batting - Pitching for Memphis Blues : RHP Logan Atwell
Batting: LHB Tony Patino 0-0: Foul Ball, location: 2F
0-1: Swinging Strike
0-2: Ball
1-2: Strikes out swinging
Batting: RHB Adam Young 0-0: Called Strike
0-1: Foul Ball, location: 25F
0-2: Foul Ball, location: 2F
0-2: Ball
1-2: SINGLE (Line Drive, 8RS, EV 89.4 MPH)
Batting: LHB Lawrence Carla 0-0: Called Strike
Adam Young steals 2nd base
0-1: Fly out, F9 (Flyball, 9, EV 85.6 MPH)
Batting: LHB Tony Wichmann 0-0: Ball
1-0: Ball
2-0: Foul Ball, location: 2F
2-1: Ball
3-1: Ground out 3-1 (Groundball, 34S, EV 84.4 MPH)
Bottom of the 5th over - 0 runs, 1 hit, 0 errors, 1 left on base; Memphis 0 - Vancouver 3
TOP OF THE 6TH
Memphis Blues batting - Pitching for Vancouver Cascades : RHP Jake Pasqualini
Batting: LHB Kent Dada 0-0: Called Strike
0-1: Swinging Strike
0-2: Foul Ball, location: 2F
0-2: Foul Ball, location: 7LDF
0-2: Fly out, F8 (Line Drive, 8LD, EV 98.8 MPH)
Batting: RHB Urso Cardona 0-0: Called Strike
0-1: Foul Ball, location: 5F
0-2: Ball
1-2: Strikes out swinging
Batting: RHB Amadeo Ybarra 0-0: Ball
1-0: Ball
2-0: Called Strike
2-1: Ball
3-1: DOUBLE (Flyball, 78D, EV 101.3 MPH)
Batting: RHB Josh Benedict 0-0: Ball
1-0: Foul Ball, location: 23FF
1-1: Ball
2-1: Foul Ball, location: 2F
2-2: Foul Ball, location: 3FF
2-2: Ball
3-2: DOUBLE (Flyball, 8LD, EV 101.3 MPH)
Amadeo Ybarra scores
Pitching: RHP Tony Young
Batting: RHB Julien Straton 0-0: Foul Ball, location: 9LMF
0-1: Ball
1-1: Ball
2-1: Foul Ball, location: 5F
2-2: Ground out 5-3 (Groundball, 56S, EV 71.9 MPH)
Top of the 6th over - 1 run, 2 hits, 0 errors, 1 left on base; Memphis 1 - Vancouver 3
BOTTOM OF THE 6TH
Vancouver Cascades batting - Pitching for Memphis Blues : RHP Logan Atwell
Batting: RHB Echo Warren 0-0: Called Strike
0-1: SOLO HOME RUN (Flyball, 78XD, EV 108.8 MPH), Distance : 457 ft
Batting: SHB Beau Koss 0-0: Ball
1-0: Called Strike
1-1: Called Strike
1-2: Strikes out swinging
Batting: RHB Jessie Cochran 0-0: Foul Ball, location: 23F
0-1: Ball
1-1: DOUBLE (Flyball, 8RXD, EV 106.3 MPH)
Batting: LHB Rey Esparza 0-0: Called Strike
0-1: Ball
1-1: Ball
2-1: Foul Ball, location: 5SF
2-2: TRIPLE (Groundball, 5L, EV 102.5 MPH)
Jessie Cochran scores
Pitching: RHP Conrad Strong
Batting: SHB Asher Wurtz 0-0: Foul Ball, location: 3FF
0-1: Ball
1-1: SINGLE (Line Drive, 8RS, EV 105.6 MPH)
Rey Esparza scores
Batting: LHB Tony Patino 0-0: SINGLE (Groundball, 5S, EV 65.0 MPH) (infield hit)
Asher Wurtz to second
Batting: RHB Adam Young 0-0: Called Strike
0-1: DOUBLE (Line Drive, 5D, EV 106.9 MPH)
Asher Wurtz scores
Tony Patino to third
Runner from 3rd tries for Home, throw by LF and OUT! 7-6-2
Batting: LHB Lawrence Carla 0-0: Ball
1-0: Swinging Strike
1-1: Ground out 4-3 (Groundball, 4, EV 90.6 MPH)
Bottom of the 6th over - 4 runs, 6 hits, 0 errors, 1 left on base; Memphis 1 - Vancouver 7
TOP OF THE 7TH
Memphis Blues batting - Pitching for Vancouver Cascades : RHP Tony Young
Batting: LHB Caleb Oliver 0-0: Ball
1-0: Called Strike
1-1: Ball
2-1: Ball
3-1: Base on Balls
Batting: RHB Yohan Roque 0-0: Ball
1-0: Ball
2-0: Fielders Choice at 2nd, 3-6 (Groundball, 3, EV 98.1 MPH)
Batting: RHB Miles Hallam 0-0: Called Strike
0-1: Called Strike
0-2: Ball
1-2: Foul Ball, location: 25FF
1-2: Strikes out swinging
Batting: LHB Alex Nicholson 0-0: Ball
1-0: Called Strike
1-1: Ball
2-1: DOUBLE (Groundball, 5L, EV 110.0 MPH)
Yohan Roque to third
Runner from 3rd tries for Home, SAFE, throw by LF to trailing runner, SAFE at third!
Batting: LHB Kent Dada 0-0: Ball
1-0: 2-RUN HOME RUN (Flyball, 89XD, EV 96.3 MPH), Distance : 379 ft
Pitching: LHP Chris Kazan
Batting: RHB Urso Cardona 0-0: Called Strike
0-1: Foul Ball, location: 3F, Error on foul ball, E3
0-2: Foul Ball, location: 3F
0-2: Ball
1-2: Ball
2-2: Strikes out looking
Top of the 7th over - 3 runs, 2 hits, 1 error, 0 left on base; Memphis 4 - Vancouver 7
BOTTOM OF THE 7TH
Vancouver Cascades batting - Pitching for Memphis Blues : RHP Conrad Strong
Batting: LHB Tony Wichmann 0-0: Called Strike
0-1: Swinging Strike
0-2: Foul Ball, location: 2F
0-2: Foul Ball, location: 9LSFF
0-2: Ball
1-2: Strikes out swinging
Batting: RHB Echo Warren 0-0: Ball
1-0: Ball
2-0: Called Strike
2-1: Fly out, F7 (Flyball, 7LMF, EV 91.3 MPH)
Batting: SHB Beau Koss 0-0: Called Strike
0-1: Ball
1-1: Swinging Strike
1-2: Strikes out swinging
Bottom of the 7th over - 0 runs, 0 hits, 0 errors, 0 left on base; Memphis 4 - Vancouver 7
TOP OF THE 8TH
Memphis Blues batting - Pitching for Vancouver Cascades : LHP Chris Kazan
Batting: RHB Amadeo Ybarra 0-0: Swinging Strike
0-1: Ball
1-1: SINGLE (Groundball, 6, EV 92.5 MPH) (infield hit)
Batting: RHB Josh Benedict 0-0: Ball
1-0: Swinging Strike
1-1: Foul Ball, location: 2F
1-2: SINGLE (Groundball, 34D, EV 97.5 MPH)
Amadeo Ybarra to second
Runner from 2nd tries for 3rd, SAFE, no throw by RF
Batting: RHB Julien Straton 0-0: Grounds into double play, 4-6-3 (Groundball, 4, EV 85.6 MPH)
Amadeo Ybarra scores
Batting: LHB Caleb Oliver 0-0: Ball
1-0: Foul Ball, location: 23FF
1-1: Foul Ball, location: 2F
1-2: Ball
2-2: DOUBLE (Groundball, 3L, EV 97.5 MPH)
Batting: RHB Yohan Roque 0-0: Ball
1-0: Ball
2-0: Called Strike
2-1: Ball
3-1: Base on Balls
Batting: RHB Miles Hallam 0-0: Ball
1-0: Ball
2-0: DOUBLE (Line Drive, 9LM, EV 107.5 MPH)
Caleb Oliver scores
Yohan Roque to third
Pinch Hitting: RHB Yefferson Parras 0-0: Ball
1-0: Foul Ball, location: 2F
1-1: Swinging Strike
1-2: Foul Ball, location: 5F
1-2: Ball
2-2: Ball
3-2: SINGLE (Line Drive, 9S, EV 89.4 MPH)
Yohan Roque scores
Miles Hallam to third
Runner from 3rd tries for Home, SAFE, throw by RF to home
Pitching: RHP Jerome Logan
Batting: LHB Kent Dada 0-0: Ball
1-0: Ball
2-0: Ball
3-0: Base on Balls
Yefferson Parras to second
Batting: RHB Urso Cardona 0-0: 3-RUN HOME RUN (Flyball, 9LD, EV 89.4 MPH), Distance : 336 ft
Batting: RHB Amadeo Ybarra 0-0: Called Strike
0-1: Called Strike
0-2: DOUBLE (Line Drive, 7LS, EV 106.3 MPH)
Batting: RHB Josh Benedict 0-0: Ball
1-0: Fly out, F8 (Flyball, 8RM, EV 93.1 MPH)
Top of the 8th over - 7 runs, 7 hits, 0 errors, 1 left on base; Memphis 11 - Vancouver 7
BOTTOM OF THE 8TH
Vancouver Cascades batting - Pitching for Memphis Blues : RHP Conrad Strong
Now at 3B: Yefferson Parras
Batting: RHB Jessie Cochran 0-0: Foul Ball, location: 5DF
0-1: Ball
1-1: Ball
2-1: Swinging Strike
2-2: Ground out 6-3 (Groundball, 6, EV 85.6 MPH)
Batting: LHB Rey Esparza 0-0: Ball
1-0: Ball
2-0: Fly out, F7 (Flyball, 7LM, EV 81.9 MPH)
Batting: SHB Asher Wurtz 0-0: Ball
1-0: Swinging Strike
1-1: Ground out 4-3 (Groundball, 4, EV 87.5 MPH)
Bottom of the 8th over - 0 runs, 0 hits, 0 errors, 0 left on base; Memphis 11 - Vancouver 7
TOP OF THE 9TH
Memphis Blues batting - Pitching for Vancouver Cascades : RHP Jerome Logan
Batting: RHB Julien Straton 0-0: Ball
1-0: Fly out, F8 (Flyball, 8LXD, EV 103.1 MPH)
Batting: LHB Caleb Oliver 0-0: Ball
1-0: Ball
2-0: Called Strike
2-1: Foul Ball, location: 3FF
2-2: Foul Ball, location: 25FF
2-2: Foul Ball, location: 5F
2-2: Ball
3-2: Ground out 4-3 (Groundball, 34, EV 101.3 MPH)
Batting: RHB Yohan Roque 0-0: Ground out 6-3 (Groundball, 6, EV 87.5 MPH)
Top of the 9th over - 0 runs, 0 hits, 0 errors, 0 left on base; Memphis 11 - Vancouver 7
BOTTOM OF THE 9TH
Vancouver Cascades batting - Pitching for Memphis Blues : RHP Conrad Strong
Now at C: Ishmael Baptiste
Batting: LHB Tony Patino 0-0: Ball
1-0: Swinging Strike
1-1: Ground out 2-3 (Groundball, 15S, EV 68.8 MPH)
Batting: RHB Adam Young 0-0: Ball
1-0: Ball
2-0: Called Strike
2-1: Ball
3-1: Ground out 6-3 (Groundball, 6, EV 88.1 MPH)
Batting: LHB Lawrence Carla 0-0: Fly out, F7 (Flyball, 7S, EV 95.6 MPH)
Bottom of the 9th over - 0 runs, 0 hits, 0 errors, 0 left on base; Memphis 11 - Vancouver 7
Friday, April 26th , 2024 - OOTP Baseball 24.11 Build 85